[Event "Team 45 45 League T96"]
[Site "Internet Chess Club"]
[Date "2023.06.17"]
[Round "6"]
[White "SeniorCitizen"]
[Black "Denis240964"]
[Result "0-1"]
[WhiteElo "1197"]
[BlackElo "1316"]
[Opening "Danish gambit"]
[ECO "C21"]
[Time "13:00:13"]
[PlyCount "78"]
[TimeControl "2700+45"]

1. e4 e5 2. d4 exd4 3. c3 dxc3 4. Bc4 d6 5. Qb3 Qf6 6. Nxc3 c6 7. Nf3 b5 8. Be2
Be6 9. Qc2 a6 10. Qd2 Nd7 11. Qg5 Be7 12. Bf4 Qxg5 13. Nxg5 Ngf6 14. Nxe6 fxe6
15. O-O O-O 16. Rfd1 e5 17. Be3 b4 18. Na4 Nxe4 19. Bf3 Ndf6 20. Nb6 Rab8 21.
Bxe4 d5 22. Nxd5 cxd5 23. Bxd5+ Nxd5 24. Rxd5 Bf6 25. b3 Rfc8 26. Bc5 Rb5 27.
Rc1 Be7 28. g3 Rcxc5 29. Rcxc5 Rxc5 30. Rxc5 Bxc5 31. Kg2 Kf7 32. Kf3 Ke6 33.
Ke2 Kd5 34. f3 Kd4 35. Kd2 g5 36. h3 e4 37. f4 e3+ 38. Ke2 gxf4 39. gxf4 Ke4
{White resigns} 0-1

[Event "Team 45 45 League T96"]
[Site "Internet Chess Club"]
[Date "2023.06.17"]
[Round "6"]
[White "jfkingiii"]
[Black "scostanzo212"]
[Result "0-1"]
[WhiteElo "1413"]
[BlackElo "1540"]
[Opening "Sicilian: Alapin's variation (2.c3)"]
[ECO "B22"]
[Time "19:00:37"]
[PlyCount "102"]
[TimeControl "2700+45"]

1. e4 c5 2. c3 d5 3. exd5 Qxd5 4. d4 Nf6 5. Nf3 Nc6 6. Be2 Bg4 7. O-O e6 8. Be3
cxd4 9. Nxd4 Bxe2 10. Qxe2 Be7 11. Nb5 Qe5 12. Nd2 O-O 13. Nf3 Qh5 14. Rfe1 Nd5
15. c4 Nxe3 16. Qxe3 Qc5 17. Qxc5 Bxc5 18. Rad1 a6 19. Nc3 Rfd8 20. a3 Nd4 21.
Nxd4 Bxd4 22. Rc1 Rd7 23. b4 Rad8 24. Kf1 Bxc3 25. Rxc3 Rd3 26. Rxd3 Rxd3 27.
Re3 Rxe3 28. fxe3 Kf8 29. c5 f5 30. Ke2 e5 31. Kd3 Ke7 32. Kc4 Ke6 33. a4 f4 34.
e4 g5 35. b5 axb5+ 36. axb5 g4 37. Kd3 h5 38. c6 bxc6 39. bxc6 Kd6 40. h3 Kxc6
41. hxg4 hxg4 42. Kc4 Kd6 43. Kd3 Ke6 44. Ke2 Kf6 45. Kf2 g3+ 46. Kf3 Kg5 47.
Ke2 Kg4 48. Ke1 f3 49. gxf3+ Kxf3 50. Kf1 Kxe4 51. Kg2 Kd3 {White resigns} 0-1

[Event "Team 45 45 League T96"]
[Site "Internet Chess Club"]
[Date "2023.06.14"]
[Round "6"]
[White "Kingofknights"]
[Black "Constrictor"]
[Result "1/2-1/2"]
[WhiteElo "1530"]
[BlackElo "1421"]
[Opening "QGD Slav: Dutch variation"]
[ECO "D18"]
[Time "17:30:48"]
[PlyCount "52"]
[TimeControl "2700+45"]

1. d4 c6 2. c4 d5 3. Nf3 Nf6 4. Nc3 dxc4 5. a4 Bf5 6. e3 e6 7. Bxc4 Bb4 8. O-O
Nbd7 9. Qe2 Bg6 10. Rd1 Ne4 11. Nxe4 Bxe4 12. Nd2 Bc2 13. Rf1 Bg6 14. Nf3 Nf6
15. Ne5 Qd6 16. Rd1 Ba5 17. Bd2 Bc7 18. Bc3 Ne4 19. g3 O-O 20. Nxg6 hxg6 21. f3
Nxc3 22. bxc3 Qe7 23. a5 Qg5 24. Kg2 Kh7 25. f4 Qh5 26. Qxh5+ gxh5 {Game drawn
by mutual agreement} 1/2-1/2

[Event "Team 45 45 League T96"]
[Site "Internet Chess Club"]
[Date "2023.06.18"]
[Round "6"]
[White "rjhoro"]
[Black "kingphisch"]
[Result "1-0"]
[WhiteElo "1164"]
[BlackElo "1305"]
[Opening "Benoni defense"]
[ECO "A56"]
[Time "17:30:23"]
[PlyCount "91"]
[TimeControl "2700+45"]

1. d4 Nf6 2. c4 c5 3. dxc5 e6 4. Nf3 Bxc5 5. Nc3 Nc6 6. e4 O-O 7. Bd3 d6 8. O-O
e5 9. Re1 Ng4 10. Re2 Nf6 11. h3 Bd7 12. Be3 Bxe3 13. Rxe3 Nd4 14. Nd5 Nxf3+ 15.
Qxf3 Nxd5 16. cxd5 Rc8 17. Re2 Qg5 18. Re3 f5 19. Qg3 Qxg3 20. Rxg3 fxe4 21.
Bxe4 Bf5 22. Bxf5 Rxf5 23. Rc3 Rxc3 24. bxc3 Rf4 25. Rc1 Ra4 26. Rc2 b5 27. f3
Rc4 28. Rb2 a5 29. Rxb5 Rxc3 30. Rxa5 Kf7 31. Ra6 Rc2 32. Ra7+ Kf8 33. Rd7 Rxa2
34. Rxd6 Ra5 35. Rd7 Ke8 36. Rxg7 Rxd5 37. Rxh7 Rd1+ 38. Kf2 Rd2+ 39. Kg3 Rd3
40. Rh4 Rd4 41. Rxd4 exd4 42. Kf2 Kd7 43. Ke2 Kd6 44. Kd3 Kd5 45. h4 Ke5 46. h5
{Black resigns} 1-0

[Event "Team 45 45 League T96"]
[Site "Internet Chess Club"]
[Date "2023.06.19"]
[Round "6"]
[White "clarinetref"]
[Black "evan7284"]
[Result "1-0"]
[WhiteElo "1556"]
[BlackElo "1595"]
[Opening "French: Winawer, fingerslip variation"]
[ECO "C15"]
[Time "08:10:00"]
[PlyCount "31"]
[TimeControl "2700+45"]

1. e4 e6 2. d4 d5 3. Nc3 Bb4 4. Bd2 Ne7 5. Bd3 c5 6. dxc5 Bxc5 7. exd5 Nxd5 8.
Qe2 O-O 9. Nf3 Nc6 10. O-O-O a6 11. h4 Nd4 12. Nxd4 Bxd4 13. Qe4 Nf6 14. Qe2 Qc7
15. Ne4 Nxe4 16. Qxe4 {Black resigns} 1-0

[Event "Team 45 45 League T96"]
[Site "Internet Chess Club"]
[Date "2023.06.19"]
[Round "6"]
[White "BrerRabbit"]
[Black "garytd"]
[Result "1/2-1/2"]
[WhiteElo "1401"]
[BlackElo "1445"]
[Opening "Queen's pawn game"]
[ECO "A46"]
[Time "15:01:37"]
[PlyCount "76"]
[TimeControl "2700+45"]

1. d4 Nf6 2. Nf3 e6 3. g3 c5 4. Bg2 d5 5. O-O Nc6 6. c4 dxc4 7. dxc5 Qxd1 8.
Rxd1 Bxc5 9. Nc3 a6 10. Nd2 Na5 11. Nde4 Nxe4 12. Nxe4 Be7 13. Nd6+ Bxd6 14.
Rxd6 O-O 15. Bd2 Nc6 16. Bxc6 bxc6 17. Rxc6 Rd8 18. Bc3 Bd7 19. Rxc4 Bb5 20. Re4
Rac8 21. Kf1 Rc5 22. Rd4 Rxd4 23. Bxd4 Rc2 24. Re1 f5 25. f3 Kf7 26. h4 h5 27.
f4 g6 28. Kf2 Ke8 29. Kf3 Kd7 30. Bc3 Kc6 31. e4 Bd3 32. exf5 Bxf5 33. Ke3 Rg2
34. Kf3 Rc2 35. Re5 Bg4+ 36. Ke3 Rg2 37. Kd4 Rxg3 38. Re3 Rg1 {Game drawn by
mutual agreement} 1/2-1/2

[Event "Team 45 45 League T96"]
[Site "Internet Chess Club"]
[Date "2023.06.17"]
[Round "6"]
[White "herrahuu"]
[Black "sdcohle"]
[Result "1-0"]
[WhiteElo "1439"]
[BlackElo "1307"]
[Opening "QGD semi-Slav: 5.e3"]
[ECO "D45"]
[Time "12:03:20"]
[PlyCount "45"]
[TimeControl "2700+45"]

1. d4 d5 2. c4 c6 3. Nc3 Nf6 4. e3 e6 5. Nf3 Bd6 6. Be2 dxc4 7. a4 Nbd7 8. Nd2
b6 9. Nxc4 Bc7 10. O-O O-O 11. e4 Bb7 12. Bd3 e5 13. dxe5 Nxe5 14. Nxe5 Bxe5 15.
f4 Bc7 16. e5 Nd5 17. Rf3 Nb4 18. Bxh7+ Kxh7 19. Rh3+ Kg8 20. Qh5 f6 21. e6 Qd4+
22. Kh1 Bxf4 23. Qh7# {Black checkmated} 1-0

[Event "Team 45 45 League T96"]
[Site "Internet Chess Club"]
[Date "2023.06.17"]
[Round "6"]
[White "BIRDSMAN"]
[Black "Electryon"]
[Result "1/2-1/2"]
[WhiteElo "1404"]
[BlackElo "1438"]
[Opening "Dutch defense, Rubinstein variation"]
[ECO "A96"]
[Time "15:01:09"]
[PlyCount "91"]
[TimeControl "2700+45"]

1. d4 f5 2. c4 e6 3. Nc3 Nf6 4. g3 Be7 5. Bg2 O-O 6. Nf3 d6 7. O-O Ne4 8. Qb3
Nc6 9. Qc2 Nxc3 10. Qxc3 Bf6 11. Qd2 e5 12. dxe5 dxe5 13. Qxd8 Rxd8 14. Ng5 h6
15. Bd5+ Kf8 16. Nh7+ Ke7 17. Nxf6 Kxf6 18. Bxc6 bxc6 19. Be3 Be6 20. b3 a5 21.
Rad1 Bf7 22. f4 e4 23. Bd4+ Kg6 24. Be5 Rdc8 25. Rd7 a4 26. Rxc7 Rxc7 27. Bxc7
axb3 28. axb3 Ra2 29. Rd1 Rb2 30. Rd6+ Kh7 31. Rxc6 Rxb3 32. Be5 Rb7 33. Rc7
Rxc7 34. Bxc7 Bxc4 35. Kf2 g5 36. e3 Kg6 37. Bd8 Kh5 38. fxg5 hxg5 39. h4 gxh4
40. Bxh4 Kg4 41. Bf6 Bd3 42. Be5 Bc2 43. Bf4 Bd3 44. Be5 Bc2 45. Bf4 Bd3 46. Be5
{Game drawn by repetition} 1/2-1/2

[Event "Team 45 45 League T96"]
[Site "Internet Chess Club"]
[Date "2023.06.17"]
[Round "6"]
[White "Tufnell"]
[Black "HomerSimpson"]
[Result "1-0"]
[WhiteElo "1997"]
[BlackElo "1995"]
[Opening "Owen defense"]
[ECO "B00"]
[Time "12:02:53"]
[PlyCount "51"]
[TimeControl "2700+45"]

1. e4 b6 2. d4 Bb7 3. Bd3 Nf6 4. Qe2 Nc6 5. c3 e5 6. Nf3 exd4 7. e5 Nd5 8. Be4
Nde7 9. cxd4 d5 10. exd6 Qxd6 11. Nc3 a6 12. O-O O-O-O 13. Bg5 f6 14. Bh4 Nb4
15. Bg3 Qd7 16. Rac1 Nf5 17. Bxc7 Kxc7 18. Nd5+ Kb8 19. Rc7 Qxd5 20. Bxd5 Kxc7
21. Rc1+ Kb8 22. Bxb7 Kxb7 23. Qe4+ Kb8 24. Qxf5 Nxa2 25. Rc6 Bd6 26. Qe6 {Black
resigns} 1-0

[Event "Team 45 45 League T96"]
[Site "Internet Chess Club"]
[Date "2023.06.17"]
[Round "6"]
[White "martineden"]
[Black "Pruett1988"]
[Result "0-1"]
[WhiteElo "1798"]
[BlackElo "1723"]
[Opening "King's Indian, 3.Nf3"]
[ECO "E90"]
[Time "10:09:50"]
[PlyCount "116"]
[TimeControl "2700+45"]

1. d4 Nf6 2. Nf3 g6 3. c4 Bg7 4. Nc3 O-O 5. e4 d6 6. h3 e5 7. d5 Na6 8. a3 h6 9.
Be3 Ne8 10. Bd3 f5 11. O-O f4 12. Bc1 g5 13. b4 b6 14. Bb2 h5 15. Nh2 Nf6 16.
Qe2 Nb8 17. c5 bxc5 18. bxc5 Nbd7 19. Na4 Rb8 20. Bc3 g4 21. hxg4 hxg4 22. Rfb1
Rxb1+ 23. Rxb1 Qe8 24. Bb4 f3 25. Qc2 Qh5 26. cxd6 Kf7 27. dxc7 Rh8 28. gxf3
Qxh2+ 29. Kf1 gxf3 30. Ke1 Qg1+ 31. Kd2 Qxf2+ 32. Kc3 Qxc2+ 33. Kxc2 Rh2+ 34.
Kb3 f2 35. Rf1 Bf8 36. Kc3 Bxb4+ 37. axb4 Ke7 38. Nc5 Kd6 39. Ne6 Nb6 40. Kd2
Bxe6 41. dxe6 Kxc7 42. Ke2 Kd6 43. Rxf2 Rxf2+ 44. Kxf2 Kxe6 45. Ke3 Ne8 46. Bb5
Nd6 47. Bc6 Ndc4+ 48. Kd3 Kd6 49. Bb5 Na3 50. Be8 Nd7 51. Kc3 Nb5+ 52. Kc4 Nd4
53. Bg6 Nf6 54. Kd3 Nc6 55. b5 Ne7 56. Bf7 Kc5 57. Bc4 Nc8 58. Be6 Nd6 {White
resigns} 0-1

[Event "Team 45 45 League T96"]
[Site "Internet Chess Club"]
[Date "2023.06.15"]
[Round "6"]
[White "Lawkeito"]
[Black "fishhead"]
[Result "1-0"]
[WhiteElo "1742"]
[BlackElo "1615"]
[Opening "Grünfeld: Russian, Szabo (Boleslavsky) variation"]
[ECO "D97"]
[Time "20:39:09"]
[PlyCount "71"]
[TimeControl "2700+45"]

1. d4 Nf6 2. c4 g6 3. Nc3 d5 4. Nf3 Bg7 5. Qb3 dxc4 6. Qxc4 O-O 7. e4 c6 8. Be2
Nbd7 9. O-O Nb6 10. Qd3 Be6 11. b3 Qc7 12. Bg5 Rad8 13. Rac1 h6 14. Bh4 Nh5 15.
Qe3 Bg4 16. Rfd1 Nf4 17. h3 Nxe2+ 18. Nxe2 Bc8 19. d5 g5 20. Bg3 Qd7 21. dxc6
Qxd1+ 22. Rxd1 Rxd1+ 23. Kh2 bxc6 24. Ned4 Rd8 25. Nxc6 R8d3 26. Qc5 Rc3 27.
Nxe7+ Kh8 28. Qb4 Rcc1 29. Be5 f6 30. Bd4 h5 31. h4 Bg4 32. hxg5 Bxf3 33. gxf6
Bh6 34. Kg3 Bg4 35. f7+ Kh7 36. Qd6 {Black resigns} 1-0

[Event "Team 45 45 League T96"]
[Site "Internet Chess Club"]
[Date "2023.06.17"]
[Round "6"]
[White "zethhon"]
[Black "AlWynJones"]
[Result "1/2-1/2"]
[WhiteElo "1472"]
[BlackElo "1487"]
[Opening "Queen's pawn: London system"]
[ECO "A45"]
[Time "04:01:19"]
[PlyCount "169"]
[TimeControl "2700+45"]

1. d4 Nf6 2. Bf4 c6 3. e3 g5 4. Be5 Bg7 5. Nd2 d6 6. Bg3 h5 7. h3 g4 8. Bd3 Na6
9. c3 Nc7 10. Qc2 Be6 11. e4 Qd7 12. Nc4 h4 13. Bf4 Nh5 14. Be3 O-O-O 15. hxg4
Bxg4 16. Rxh4 Nf4 17. Rxh8 Nxg2+ 18. Kd2 Rxh8 19. Ne2 Nxe3 20. Nxe3 Bh6 21. Rg1
Ne8 22. Kc1 Bf3 23. Rg3 Bxe3+ 24. fxe3 Rh1+ 25. Kd2 Bxe2 26. Bxe2 Nf6 27. Rg2
Qh3 28. Rf2 Qg3 29. Rf1 Rxf1 30. Bxf1 Qf2+ 31. Be2 Ng4 32. Qd3 Nh2 33. Kc2 Nf1
34. Kb3 Nxe3 35. Qd2 Qf4 36. Bd3 e5 37. Qe2 f5 38. dxe5 fxe4 39. Bb1 dxe5 40.
Qh5 Nd5 41. Qh8+ Kc7 42. Qh7+ Kb6 43. Qxe4 Qxe4 44. Bxe4 Nf6 45. Bg2 Kc5 46. Kc2
a5 47. Kd3 a4 48. b4+ axb3 49. axb3 b6 50. Ke3 b5 51. Kd3 Nd5 52. Be4 b4 53. c4
Nc3 54. Bf3 Kd6 55. Ke3 c5 56. Bg4 Ke7 57. Bf3 Kf6 58. Bh5 Kf5 59. Bf3 Kg5 60.
Bg2 Kf5 61. Bh3+ Kg5 62. Bg2 Na2 63. Be4 Kg4 64. Bf3+ Kg3 65. Be4 Nc3 66. Bc2
Kg4 67. Bh7 Kg3 68. Bc2 Kg2 69. Bd3 Kg1 70. Kf3 Nd1 71. Be2 Nf2 72. Ke3 e4 73.
Bh5 Kf1 74. Bg6 Ke1 75. Bxe4 Nxe4 76. Kxe4 Kd2 77. Kd5 Kc3 78. Kxc5 Kxb3 79. Kd5
Ka2 80. c5 b3 81. c6 b2 82. c7 b1=Q 83. c8=Q Qd1+ 84. Kc6 Qc1+ 85. Kd7 {Game
drawn by mutual agreement} 1/2-1/2

[Event "Team 45 45 League T96"]
[Site "Internet Chess Club"]
[Date "2023.06.20"]
[Round "6"]
[White "primerpaso"]
[Black "jonesey"]
[Result "0-1"]
[WhiteElo "1770"]
[BlackElo "1866"]
[Opening "English opening"]
[ECO "A10"]
[Time "15:00:31"]
[PlyCount "50"]
[TimeControl "2700+45"]

1. c4 g6 2. Nc3 Bg7 3. g3 e5 4. Bg2 Ne7 5. e3 Nbc6 6. Nge2 d6 7. O-O Bg4 8. h3
Be6 9. Nd5 O-O 10. Rb1 Qd7 11. Kh2 Nd8 12. d4 c6 13. Nxe7+ Qxe7 14. d5 Bf5 15.
e4 Bd7 16. dxc6 bxc6 17. b3 Ne6 18. f4 exf4 19. Nxf4 Rad8 20. Ba3 Nc5 21. Re1
Be5 22. Bb2 Qg5 23. h4 Qh6 24. Bc1 g5 25. Nh3 Qxh4 {White resigns} 0-1

[Event "Team 45 45 League T96"]
[Site "Internet Chess Club"]
[Date "2023.06.20"]
[Round "6"]
[White "pmarcal"]
[Black "Portola"]
[Result "0-1"]
[WhiteElo "1704"]
[BlackElo "1761"]
[Opening "Queen's pawn, Mason variation"]
[ECO "D00"]
[Time "20:28:09"]
[PlyCount "126"]
[TimeControl "2700+45"]

1. d4 d5 2. Bf4 Bf5 3. e3 e6 4. Nf3 Nf6 5. Bd3 Bg6 6. Nbd2 Nbd7 7. Ne5 Nxe5 8.
Bxe5 c6 9. O-O Bxd3 10. cxd3 Be7 11. Nf3 O-O 12. h3 Nd7 13. Bg3 Qb6 14. Qe2 Rfe8
15. Ne5 Nxe5 16. Bxe5 Qd8 17. Rfc1 Qd7 18. a3 a5 19. b3 f6 20. Bg3 Bf8 21. Qb2
Qe7 22. a4 Qf7 23. e4 Bb4 24. f3 dxe4 25. dxe4 Qg6 26. Bf2 Qg5 27. Kh1 Bd6 28.
Rab1 Qf4 29. Bg1 g5 30. Qf2 Bb8 31. Qe3 Qd6 32. e5 Qe7 33. Re1 f5 34. f4 h6 35.
g3 Ba7 36. Qf3 Qf7 37. Re2 Rad8 38. Rd1 Rd7 39. Red2 Red8 40. Rd3 Qg6 41. R1d2
h5 42. Qf1 g4 43. h4 Qe8 44. Qd1 Rd5 45. Qc2 Qd7 46. Qc3 Qc7 47. Qc4 Qb6 48. Qc2
R8d7 49. Rd1 Qd8 50. Qc4 Kf7 51. b4 axb4 52. Qxb4 c5 53. Qc4 cxd4 54. Rb1 Rc7
55. Qa2 Qc8 56. Rdb3 b6 57. Rd3 Rc2 58. Rb2 Rc4 59. Rbd2 Qc6 60. Rxd4 Rdxd4+ 61.
Rg2 Rd1 62. Kh2 Rdc1 63. a5 R1c2 {White resigns} 0-1

[Event "Team 45 45 League T96"]
[Site "Internet Chess Club"]
[Date "2023.06.16"]
[Round "6"]
[White "magiclydonkey"]
[Black "QuieroAprender"]
[Result "1-0"]
[WhiteElo "1497"]
[BlackElo "1612"]
[Opening "English opening"]
[ECO "A16"]
[Time "19:30:25"]
[PlyCount "87"]
[TimeControl "2700+45"]

1. c4 Nf6 2. Nc3 g6 3. g3 Bg7 4. Bg2 c6 5. Nf3 d6 6. O-O O-O 7. e4 Bg4 8. h3 Be6
9. Qe2 Qc8 10. Kh2 Nh5 11. d4 Qc7 12. Be3 Bc8 13. Rac1 Qa5 14. Rfd1 Nd7 15. Nd2
e5 16. d5 c5 17. Nb5 Qb6 18. Rb1 a6 19. Nc3 Qc7 20. a3 Rb8 21. Rdc1 b6 22. b4
Bb7 23. Rb2 Nhf6 24. Bf1 h5 25. Qd1 h4 26. Na4 hxg3+ 27. fxg3 Nh5 28. Be2 Ndf6
29. Rcb1 Ba8 30. bxc5 bxc5 31. Nb6 Bb7 32. Qa4 Rfe8 33. Bf3 Re7 34. Bg5 Kh7 35.
Qd1 Ree8 36. Nf1 Bh6 37. h4 Bg7 38. Qa4 Rbd8 39. Ne3 Kg8 40. Qd1 Qe7 41. Bxh5
gxh5 42. Rf2 Bc8 43. Qf1 Bg4 44. Bxf6 {Black resigns} 1-0

[Event "Team 45 45 League T96"]
[Site "Internet Chess Club"]
[Date "2023.06.16"]
[Round "6"]
[White "julesraider"]
[Black "fireball"]
[Result "1-0"]
[WhiteElo "1600"]
[BlackElo "1537"]
[Opening "Budapest defense declined"]
[ECO "A51"]
[Time "10:30:41"]
[PlyCount "77"]
[TimeControl "2700+45"]

1. d4 Nf6 2. c4 e5 3. d5 Bc5 4. e3 d6 5. Nc3 a5 6. Qc2 Bg4 7. Bd3 Bh5 8. a3 Bg6
9. Nge2 Bxd3 10. Qxd3 Nbd7 11. b3 Qe7 12. Bb2 e4 13. Qc2 O-O 14. Ng3 Rfe8 15.
O-O c6 16. Na4 cxd5 17. cxd5 Nxd5 18. Nf5 Qg5 19. Nxc5 Qxf5 20. Nxd7 Qxd7 21.
Rad1 Nf6 22. Bxf6 gxf6 23. Qd2 Red8 24. Qd4 Qe6 25. b4 Qe5 26. Qb6 axb4 27. axb4
Qe7 28. Rd5 Ra6 29. Qd4 Rc6 30. f3 exf3 31. Rxf3 Rc1+ 32. Kf2 Rc2+ 33. Kg3 Kh8
34. Rxf6 Rg8+ 35. Rg6+ Qe5+ 36. Rxe5 Rxg6+ 37. Rg5+ Kg8 38. Rxg6+ hxg6 39. Qxd6
{Black resigns} 1-0

[Event "Team 45 45 League T96"]
[Site "Internet Chess Club"]
[Date "2023.06.15"]
[Round "6"]
[White "isolani"]
[Black "mongmong"]
[Result "1-0"]
[WhiteElo "1518"]
[BlackElo "1415"]
[Opening "Bogo-Indian defense"]
[ECO "E11"]
[Time "17:04:27"]
[PlyCount "55"]
[TimeControl "2700+45"]

1. Nf3 e6 2. d4 Nf6 3. c4 Bb4+ 4. Bd2 a5 5. a3 Bxd2+ 6. Nfxd2 b6 7. Nc3 Bb7 8.
e4 d6 9. Be2 Qe7 10. O-O c5 11. d5 e5 12. Na4 Qd8 13. Qb3 Nfd7 14. Qg3 O-O 15.
f4 f6 16. f5 Rf7 17. Bh5 Re7 18. Nc3 Nf8 19. Qh4 h6 20. Rf3 Qd7 21. Rg3 Kh8 22.
Bg6 Nh7 23. Bxh7 Kxh7 24. Rg6 Na6 25. Rf1 Rh8 26. Ne2 Nc7 27. Qh5 b5 28. Rxh6+
{Black resigns} 1-0

[Event "Team 45 45 League T96"]
[Site "Internet Chess Club"]
[Date "2023.06.18"]
[Round "6"]
[White "Sandrotov"]
[Black "jfkingiii"]
[Result "0-1"]
[WhiteElo "1646"]
[BlackElo "1439"]
[Opening "English: Mikenas-Carls variation"]
[ECO "A18"]
[Time "16:00:20"]
[PlyCount "52"]
[TimeControl "2700+45"]

1. c4 Nf6 2. Nc3 e6 3. e4 d5 4. cxd5 exd5 5. e5 d4 6. exf6 dxc3 7. fxg7 cxd2+ 8.
Bxd2 Bxg7 9. Qb3 Qe7+ 10. Be2 Nc6 11. Nf3 Nd4 12. Nxd4 Bxd4 13. O-O Bb6 14. Rfe1
Be6 15. Bc4 O-O-O 16. Bxe6+ fxe6 17. Rxe6 Bxf2+ 18. Kh1 Qd7 19. Be3 Bxe3 20.
Qxe3 Rhg8 21. Re1 Qd5 22. Qh3 Kb8 23. b3 Qd2 24. Qf3 Qxa2 25. R6e2 Qa6 26. Qf7
Qxe2 {White resigns} 0-1

[Event "Team 45 45 League T96"]
[Site "Internet Chess Club"]
[Date "2023.06.16"]
[Round "6"]
[White "kabindra"]
[Black "dalmata"]
[Result "1-0"]
[WhiteElo "1729"]
[BlackElo "1539"]
[Opening "French: advance, Paulsen attack"]
[ECO "C02"]
[Time "12:00:48"]
[PlyCount "46"]
[TimeControl "2700+45"]

1. e4 e6 2. d4 d5 3. e5 c5 4. c3 Nc6 5. Nf3 Nge7 6. Bg5 h6 7. Bh4 cxd4 8. cxd4
Qb6 9. b3 Nf5 10. Bg3 Ncxd4 11. Bd3 Bb4+ 12. Nfd2 Nxg3 13. hxg3 Nc6 14. Qh5 Qd4
15. a3 Bxd2+ 16. Kxd2 Nxe5 17. Qe2 Nxd3 18. Qxd3 Qxa1 19. Qb5+ Bd7 20. Qxb7 Qd4+
21. Ke2 Rc8 22. Rh4 Rc2+ 23. Ke1 Qd2+ {Black resigns} 1-0

[Event "Team 45 45 League T96"]
[Site "Internet Chess Club"]
[Date "2023.06.16"]
[Round "6"]
[White "Manch"]
[Black "jjmolina1"]
[Result "1/2-1/2"]
[WhiteElo "1410"]
[BlackElo "1531"]
[Opening "Giuoco Piano"]
[ECO "C50"]
[Time "09:30:17"]
[PlyCount "157"]
[TimeControl "2700+45"]

1. e4 e5 2. Nf3 Nc6 3. Bc4 Bc5 4. O-O Nf6 5. d3 h6 6. c3 d6 7. b4 Bb6 8. a4 a6
9. a5 Ba7 10. b5 axb5 11. Bxb5 Bd7 12. a6 bxa6 13. Rxa6 Nb8 14. Bxd7+ Nbxd7 15.
Qa4 Qb8 16. Na3 Qb7 17. Nb5 Bxf2+ 18. Rxf2 Rxa6 19. Nxc7+ Qxc7 20. Qxa6 O-O 21.
c4 Nc5 22. Qa3 Rb8 23. Rb2 Rxb2 24. Bxb2 Ne6 25. Qa8+ Kh7 26. Ba3 Qb6+ 27. Kf1
Qb1+ 28. Ne1 Nf4 29. Bxd6 Nxd3 30. Qa5 Nxe4 31. Bxe5 Nxe1 32. Qxe1 Nd2+ 33. Ke2
Qxe1+ 34. Kxe1 Nxc4 35. Bd4 f5 36. g3 g6 37. Ke2 h5 38. h3 g5 39. Kd3 Nd6 40.
Be5 Ne4 41. Ke3 Kg6 42. h4 gxh4 43. gxh4 Nc5 44. Bf4 Kf7 45. Bg5 Ne6 46. Bf4 Ke7
47. Be5 Kd7 48. Kf3 Kc6 49. Ke3 Kd5 50. Bg3 Kc4 51. Be5 Kd5 52. Bg3 Kc6 53. Be5
Kd7 54. Bg3 Ke7 55. Be5 Kf7 56. Bg3 Kg6 57. Bh2 Nc5 58. Kf4 Ne4 59. Ke3 Kf6 60.
Bf4 Ke6 61. Bb8 Kf6 62. Bf4 Nc3 63. Bb8 Nd5+ 64. Kf3 Ke6 65. Bh2 Kd7 66. Bg3 Kc6
67. Bh2 Kc5 68. Bg1+ Kc4 69. Bh2 Kd3 70. Bb8 Kd2 71. Be5 Ke1 72. Bb8 Kf1 73. Be5
Kg1 74. Bb8 Kh1 75. Be5 Ne7 76. Kf4 Ng6+ 77. Kxf5 Nxh4+ 78. Kg5 Nf3+ 79. Kxh5
{Game drawn because neither player has mating material} 1/2-1/2

[Event "Team 45 45 League T96"]
[Site "Internet Chess Club"]
[Date "2023.06.18"]
[Round "6"]
[White "chesskix"]
[Black "kabindra"]
[Result "1-0"]
[WhiteElo "1387"]
[BlackElo "1613"]
[Opening "English: Sicilian reversed"]
[ECO "A25"]
[Time "17:30:29"]
[PlyCount "95"]
[TimeControl "2700+45"]

1. c4 e5 2. Nc3 Nc6 3. g3 f5 4. Bg2 Nf6 5. e3 Bc5 6. Nge2 e4 7. O-O O-O 8. a3 a5
9. Rb1 Ne5 10. d4 exd3 11. Nf4 Nxc4 12. Nxd3 Bb6 13. Qb3 d5 14. Nf4 a4 15. Qc2
c6 16. Nxa4 Ba7 17. Nc3 Ne4 18. Nd1 Bc5 19. Qd3 Ne5 20. Qe2 Bd6 21. f3 Nf6 22.
Bd2 Ng6 23. Nf2 Qe8 24. Rfe1 Qf7 25. Qd3 b6 26. N2h3 Ba6 27. Qb3 Bc5 28. Ng5 Qe7
29. Nge6 Rfe8 30. Qc2 Bc8 31. Nxc5 bxc5 32. Bc3 Ne5 33. Rbd1 Nc4 34. Bd2 Rb8 35.
Bc1 Qb7 36. Nd3 Qe7 37. Nf4 Ra8 38. Bf1 Ba6 39. Qxf5 Ne5 40. Bg2 Rf8 41. Qc2 c4
42. Qc3 Nd3 43. Nxd3 cxd3 44. Bd2 c5 45. Rc1 c4 46. Qd4 Nd7 47. Qxd5+ Rf7 48.
Qxa8+ {Black resigns} 1-0

[Event "Team 45 45 League T96"]
[Site "Internet Chess Club"]
[Date "2023.06.15"]
[Round "6"]
[White "Constrictor"]
[Black "Denis240964"]
[Result "0-1"]
[WhiteElo "1399"]
[BlackElo "1304"]
[Opening "Nimzovich-Larsen attack: modern variation"]
[ECO "A01"]
[Time "17:00:22"]
[PlyCount "86"]
[TimeControl "2700+45"]

1. b3 e5 2. Bb2 Nc6 3. e3 Nf6 4. Nf3 d6 5. c4 g6 6. d4 exd4 7. Nxd4 Nxd4 8. Qxd4
Bg7 9. Nc3 O-O 10. Be2 Ne8 11. Qd2 Qg5 12. Bf3 c6 13. Ne4 Qe7 14. O-O-O Bxb2+
15. Qxb2 Be6 16. Rxd6 f5 17. Rxe6 Qxe6 18. Nc5 Qe7 19. Nd3 Rd8 20. Qe5 Rf7 21.
Qxe7 Rxe7 22. Nb4 a5 23. Nc2 Nf6 24. Rd1 Rxd1+ 25. Kxd1 Ne4 26. Bxe4 Rxe4 27.
Ke2 Kf7 28. Nd4 Kf6 29. g3 Re8 30. Nc2 c5 31. Ne1 a4 32. Nd3 b6 33. Nf4 axb3 34.
Nd5+ Ke5 35. axb3 Rb8 36. Ne7 Ra8 37. Nd5 Ra2+ 38. Kf3 Rb2 39. Nxb6 Rxb3 40. Nd5
g5 41. h3 h5 42. g4 fxg4+ 43. hxg4 h4 {White resigns} 0-1

[Event "Team 45 45 League T96"]
[Site "Internet Chess Club"]
[Date "2023.06.19"]
[Round "6"]
[White "tamky70"]
[Black "WzeroMN"]
[Result "1-0"]
[WhiteElo "1325"]
[BlackElo "944"]
[Opening "English: symmetrical variation"]
[ECO "A34"]
[Time "10:03:11"]
[PlyCount "29"]
[TimeControl "2700+45"]

1. c4 c5 2. Nc3 Nf6 3. g3 e5 4. Bg2 Be7 5. e4 O-O 6. Nge2 b6 7. O-O Nc6 8. d3
Nd4 9. Nd5 Nxe2+ 10. Qxe2 d6 11. b3 Nxd5 12. exd5 Bg5 13. Be3 Bxe3 14. fxe3 Bf5
15. Rxf5 {Black resigns} 1-0

[Event "Team 45 45 League T96"]
[Site "Internet Chess Club"]
[Date "2023.06.18"]
[Round "6"]
[White "sdcohle"]
[Black "Rookmaster"]
[Result "0-1"]
[WhiteElo "1301"]
[BlackElo "1573"]
[Opening "Sicilian: Steinitz variation"]
[ECO "B20"]
[Time "21:00:22"]
[PlyCount "50"]
[TimeControl "2700+45"]

1. e4 c5 2. g3 Nc6 3. Bg2 e5 4. d3 Be7 5. Ne2 Nf6 6. O-O d5 7. exd5 Nxd5 8. Nbc3
Be6 9. b3 Qd7 10. Bb2 O-O-O 11. Nxd5 Bxd5 12. Nc3 Bxg2 13. Kxg2 f5 14. f4 Bf6
15. Ne2 Rhe8 16. fxe5 Nxe5 17. Nf4 Ng4 18. Qc1 Bxb2 19. Qxb2 g5 20. Nh3 Qd5+ 21.
Kg1 Re2 22. Nf2 Qf3 23. Qc3 b6 24. Rae1 Nxf2 25. Rxe2 Nh3# {White checkmated}
0-1

[Event "Team 45 45 League T96"]
[Site "Internet Chess Club"]
[Date "2023.06.17"]
[Round "6"]
[White "trogers41"]
[Black "Tjet"]
[Result "1-0"]
[WhiteElo "1374"]
[BlackElo "1250"]
[Opening "Pirc: Austrian attack"]
[ECO "B09"]
[Time "15:00:15"]
[PlyCount "85"]
[TimeControl "2700+45"]

1. e4 d6 2. d4 Nf6 3. Nc3 g6 4. f4 Bg7 5. Nf3 O-O 6. Bc4 Re8 7. O-O a6 8. e5
dxe5 9. dxe5 Qxd1 10. Rxd1 Nfd7 11. e6 fxe6 12. Bxe6+ Kf8 13. Nd5 Rd8 14. Nxc7
Ra7 15. c3 b5 16. Nd5 Rb7 17. Be3 Nf6 18. Bxc8 Rxc8 19. Nxf6 Bxf6 20. Rd3 Ke8
21. Rad1 Rd7 22. Rxd7 Nxd7 23. Nd4 Bxd4 24. Rxd4 Rc6 25. Kf2 Re6 26. a4 bxa4 27.
Rxa4 Nf6 28. h3 Nd5 29. Bd2 Nf6 30. Kf3 Rd6 31. Rd4 Re6 32. g4 Rd6 33. Rxd6 exd6
34. c4 Kd7 35. Bc3 Ke6 36. Bxf6 Kxf6 37. Ke4 Ke6 38. b4 h5 39. gxh5 gxh5 40. h4
Kf6 41. Kd5 Ke7 42. f5 Kd7 43. f6 {Black resigns} 1-0